 Dungeon Crawl Stone Soup version 0.30-a0-672-gc3a7216ad8 (webtiles) character file.

Game seed: 5767844796703491597

63 Leeroy the Slasher (level 4, -1/33 HPs)
             Began as a Djinni Warper on Jan 18, 2023.
             Slain by Terence
             ... wielding a +0 flail
              (3 damage)
             ... on level 3 of the Dungeon.
             The game lasted 00:02:06 (1742 turns).

Leeroy the Slasher (Djinni Warper)                  Turns: 1742, Time: 00:02:06

Health: -1/33      AC:  4    Str: 10    XL:     4   Next: 31%
Gold:   98         EV: 12    Int: 15    God:
                   SH:  0    Dex: 14

rFire   + + .      SeeInvis .    a - +0 falchion
rCold   x . .      Faith    .    (no shield)
rNeg    . . .      Spirit   .    b - +0 leather armour
rPois   ∞          Reflect  .    (no helmet)
rElec   .          Harm     .    g - scarf {shadows}
rCorr   .          Rampage  .    f - +0 pair of gloves
Will    .....                    (boots unavailable)
Stlth   +                        (no amulet)
HPRegen 0.25/turn                (no ring)
MPRegen 0.00/turn                (no ring)

@: flying, very slightly contaminated
A: sickness immunity, fire resistance 2, cold vulnerability 1, float, innate
caster, HP casting, extra vitality 1
a: no special abilities


You were on level 3 of the Dungeon.
You visited 1 branch of the dungeon, and saw 3 of its levels.

You collected 98 gold pieces.

Inventory:

Hand Weapons
 a - a +0 falchion (weapon)
 s - a +0 rapier
Missiles
 d - 7 boomerangs of dispersal (quivered)
 q - a throwing net
Armour
 b - a +0 leather armour (worn)
 f - a +0 pair of gloves (worn)
 g - a scarf of shadows (worn)
 m - a +0 pair of gloves
Wands
 u - a wand of light (4)
Scrolls
 c - a scroll of blinking
 e - 5 scrolls of identify {unknown}
 h - 2 scrolls of vulnerability {unknown}
 i - a scroll of fear {unknown}
 k - a scroll of fog {unknown}
 n - a scroll of enchant armour {unknown}
 o - a scroll of torment {unknown}
Potions
 j - 2 potions of flight {unknown}
 l - 2 potions of brilliance {unknown}
 p - a potion of ambrosia {unknown}
 r - 2 potions of invisibility {unknown}
 t - a potion of lignification {unknown}


   Skills:
 - Level 2.0 Fighting
 + Level 3.9 Long Blades
 - Level 0.7 Throwing
 - Level 1.0 Armour
 - Level 2.1 Dodging
 - Level 2.4 Spellcasting


You couldn't memorise any spells.
You knew the following spells:

 Your Spells              Type           Power      Damage    Failure   Level
a - Blink                 Tloc           18%        N/A       16%         2
b - Lesser Beckoning      Tloc           18%        N/A       16%         2
c - Vhi's Electric Charg  Tloc/Air       18%        N/A       32%         3
d - Teleport Other        Tloc           9%         N/A       32%         3
e - Manifold Assault      Tloc           9%         N/A       71%         4
f - Necrotise             Necr           36%        1d5       11%         1
Your spell library was empty.

Dungeon Overview and Level Annotations

Branches:
Dungeon (3/15)

Altars:
Xom

Annotations:
D:3 Terence


Innate Abilities, Weirdness & Mutations

You are immune to sickness and miasma.
You are immune to poison.
Your flesh is very heat resistant. (rF++)
You are vulnerable to cold. (rC-)
You float through the air rather than walking.
You learn spells naturally, not from books.
Your magical power is your life essence.
You have superior vitality. (+4 MHP)


Message History

Casting: Teleport Other (quite dangerous; 32% risk of failure)
Confirm with . or Enter, or press ? or * to list all spells.
You don't know that spell.
Casting: Teleport Other (quite dangerous; 32% risk of failure)
Confirm with . or Enter, or press ? or * to list all spells.
The spell is quite dangerous to miscast (32% risk of failure)!
Continue anyway?
Aiming: Teleport Other (quite dangerous; 32% risk of failure)
Press: ? - help, Shift-Dir - straight line, f/p - Terence
Aim: Terence, wielding a +0 flail and wearing a +0 ring mail (chance to affect: 55%)
You miscast Teleport Other.
You are very lightly contaminated with residual magic.
Nothing appears to happen.
Terence hits you with a +0 flail! Terence closely misses you.
Terence attacks as you move away! Terence misses you.
Casting: Teleport Other (quite dangerous; 32% risk of failure)
Confirm with . or Enter, or press ? or * to list all spells.
You miscast Blink.
Nothing appears to happen.
Terence hits you with a +0 flail!
* * * LOW HITPOINT WARNING * * *
Casting: Blink (safe; 16% risk of failure)
Confirm with . or Enter, or press ? or * to list all spells.
You blink.
* * * LOW HITPOINT WARNING * * *
Terence hits you but does no damage. Terence attacks as you move away!
Terence barely misses you.
Casting: Blink (safe; 16% risk of failure)
Confirm with . or Enter, or press ? or * to list all spells.
You are still too unstable to blink.
Okay, then.
Okay, then.
You hit Terence but do no damage. Terence closely misses you.
Casting: Blink (safe; 16% risk of failure)
Confirm with . or Enter, or press ? or * to list all spells.
Okay, then.
You hit Terence but do no damage. Terence hits you with a +0 flail.
* * * LOW HITPOINT WARNING * * *
You hit Terence but do no damage. Terence barely misses you.
You barely miss Terence.
You feel stable enough to blink again. Terence closely misses you.
Terence hits you with a +0 flail.
You die...

##..♣### #......
##⌠##.# #†.....
..#....#####......
#.#.....#.........
#.#.......##......
##.#.##.#..........
#.###..#.##............
#........#...####......
##@###...# ##.....
#..@.....# ##...#
#..####.## ##### #.##
### ##


You could see Terence.

Vanquished Creatures
  An adder (D:2)
  A worm (D:2)
  A dart slug (D:2)
  2 endoplasms
  4 giant cockroaches
  10 goblins
  3 hobgoblins
  4 kobolds (D:1)
  4 quokkas
  7 ball pythons
  A bat (D:2)
  7 frilled lizards
  4 rats
49 creatures vanquished.

Notes
Turn   | Place    | Note
-------+----------+-------------------------------------------
     0 | D:1      | Leeroy the Djinni Warper began the quest for the Orb.
     0 | D:1      | Leeroy set off with the following spells memorised: Blink,
                  | Lesser Beckoning, Vhi's Electric Charge, Teleport Other,
                  | Manifold Assault.
     0 | D:1      | Reached XP level 1. HP: 18/18 MP: 0/0
    77 | D:1      | Reached skill level 2 in Long Blades
   212 | D:1      | Reached XP level 2. HP: 23/23 MP: 0/0
   517 | D:1      | Reached XP level 3. HP: 27/28 MP: 0/0
   517 | D:1      | Learned a level 1 spell: Necrotise
   551 | D:1      | Reached skill level 3 in Long Blades
   891 | D:2      | Found a faded altar of an unknown god.
  1221 | D:2      | Reached XP level 4. HP: 33/33 MP: 0/0
  1507 | D:3      | Found a shimmering altar of Xom.
  1509 | D:3      | Found a shimmering altar of Xom.
  1510 | D:3      | Found a shimmering altar of Xom.
  1513 | D:3      | Found a shimmering altar of Xom.
  1693 | D:3      | Noticed Terence
  1742 | D:3      | Slain by Terence

Illustrated notes

Levels and vault maps discovered:
D:1:      nzn_arrival_depleted_hourglass, layout_basic, hex_tiny,
          chequers_serial_rivers_small_b
D:2:      layout_loops_cross, hellmonk_ecumenical_altar_slurped_away,
          minmay_cupped
D:3:      layout_rooms, xom_redecorated, uniq_terence

Skill      XL: |  1  2  3 |
---------------+----------+-----
Long Blades    | 2 3 |  3.9
Fighting       | |  2.0
Throwing       | |  0.7
Armour         | |  1.0
Dodging        | |  2.1
Spellcasting   | |  2.4

Action                   |  1- 3 |  4- 6 || total
-------------------------+-------+-------++-------
Melee: Falchion          |   107 |    39 ||   146
       Punch             |     1 |       ||     1
 Cast: Teleport Other    |       |     2 ||     2
       Blink             |       |     1 ||     1
Armor: Leather armour    |    35 |     9 ||    44
Dodge: Dodged            |    68 |    28 ||    96

Table legend: (Time is in decaauts)
 A = Elapsed time spent in this place.
 B = Non-inter-level travel time spent in this place.
 C = Inter-level travel time spent in this place.
 D = Time resting spent in this place.
 E = Time spent auto-exploring this place.
 F = Levels seen in this place.
 G = Mean time per level.
                   A        B        C        D        E       F      G
               +--------+--------+--------+--------+--------+-----+--------+
         Total |   1763 |   1712 |     51 |      0 |   1348 |   3 |  587.7 |
       Dungeon |   1763 |   1712 |     51 |      0 |   1348 |   3 |  587.7 |
               +--------+--------+--------+--------+--------+-----+--------+

Top non-repeatable levels by time:
     D:1: 728 daAuts
     D:2: 699 daAuts
     D:3: 335 daAuts
